Map: Orbital Shipyard

Players

AgCl

  • Race: Protoss Protoss

FynZ - Winner!

  • Race: Zerg Zerg

VOD

Have the link to the VOD?

Description

Time

  • Played on: May 3, 2015, 6:28 a.m.
  • Length: 11:20
Show
View Real Time Build Order
Export as new Build Order

AgCl Protoss 

Build Orders: Oracle Opening, Oracle Opening 

Get SALT Encoding   

  12  0:02  Probe  
  13  0:14  Probe  
  14  0:22  Pylon  
  14  0:28  Assimilator  
  14  0:40  Probe (Chrono Boost)  
  15  0:52  Probe (Chrono Boost)  
  16  0:59  Probe (Chrono Boost)  
  17  1:10  Probe (Chrono Boost)  
  18  1:12  Nexus  
  18  1:21  Probe (Chrono Boost)  
  19  1:27  Gateway  
  19  1:28  Probe (Chrono Boost)  
  20  1:39  Probe  
  21  1:45  Assimilator  
  21  1:51  Probe  
  22  1:57  Pylon  
  22  2:14  Cybernetics Core  
  22  2:15  Probe (Chrono Boost)  
  23  2:18  Zealot  
  25  2:27  Probe (Chrono Boost)  
  25  2:28  Forge  
  27  2:30  Probe (Chrono Boost)  
  29  2:38  Probe x2 (Chrono Boost)  
  29  2:44  Probe (Chrono Boost)  
  29  2:46  Probe (Chrono Boost)  
  31  2:56  Probe (Chrono Boost)  
  34  3:02  Mothership Core (Chrono Boost), Stargate  
  35  3:07  Probe (Chrono Boost), Protoss Ground Weapons Level 1  
  35  3:10  Warp Gate  
  35  3:14  Probe (Chrono Boost)  
  35  3:16  Probe (Chrono Boost)  
  37  3:23  Probe (Chrono Boost)  
  39  3:30  Probe (Chrono Boost)  
  39  3:32  Pylon  
  40  3:34  Twilight Council  
  40  3:35  Probe (Chrono Boost), Assimilator  
  40  3:40  Probe (Chrono Boost)  
  40  3:41  Probe (Chrono Boost), Assimilator  
  42  3:50  Probe (Chrono Boost), Oracle  
  42  3:52  Probe (Chrono Boost)  
  47  3:56  Pylon  
  47  4:02  Probe (Chrono Boost)  
  49  4:03  Probe (Chrono Boost)  
  49  4:07  Stalker  
  52  4:10  Probe (Chrono Boost)  
  52  4:14  Probe (Chrono Boost)  
  52  4:15  Dark Shrine  
  53  4:20  Probe (Chrono Boost)  
  55  4:25  Probe (Chrono Boost)  
  55  4:28  Probe (Chrono Boost)  
  56  4:32  Probe (Chrono Boost)  
  56  4:36  Probe  
  56  4:37  Gateway  
  58  4:39  Gateway  
  58  4:43  Probe  
  59  4:48  Probe  
  60  5:13  Pylon  
  60  5:17  Charge (Chrono Boost)  
  60  5:23  Protoss Ground Weapons Level 2 (Chrono Boost)  
  60  5:25  Assimilator  
  60  5:26  Nexus  
  60  5:28  Pylon  
  60  5:29  Assimilator  
  60  5:31  Probe x2, Void Ray  
  60  5:33  Dark Templar  
  68  5:46  Probe x2  
  68  5:47  Dark Templar x2  
  74  5:58  Probe x2  
  74  6:01  Pylon  
  76  6:15  Pylon  
  76  6:19  Templar Archives, Probe, Protoss Air Weapons Level 1  
  76  6:23  Probe  
  76  6:25  Pylon  
  78  6:28  Photon Cannon  
  78  6:31  Gateway, Pylon, Probe  
  79  6:33  Gateway  
  79  6:35  Fleet Beacon, Probe  
  76  6:52  Void Ray (Chrono Boost)  
  81  6:58  Probe (Chrono Boost)  
  82  7:02  Probe (Chrono Boost)  
  82  7:03  Probe (Chrono Boost)  
  82  7:05  Probe (Chrono Boost)  
  84  7:12  Probe  
  84  7:14  Probe  
  86  7:18  Robotics Facility  
  86  7:22  Carrier (Chrono Boost)  
  86  7:36  Probe (Chrono Boost)  
  86  7:37  Graviton Catapult, Gateway  
  87  7:38  Pylon  
  87  7:40  Photon Cannon  
  87  7:43  Psionic Storm  
  93  7:47  Robotics Facility  
  93  7:48  Stargate  
  93  7:51  Nexus  
  93  7:52  Probe  
  93  7:54  Pylon  
  94  8:08  Protoss Ground Weapons Level 3  
  94  8:11  Zealot x5  
  84  8:36  Dark Templar x2  
  84  8:37  Dark Templar x2  
  74  8:43  Dark Templar  
  73  8:50  Zealot  
  55  9:01  Pylon  
  49  9:19  Dark Templar x2  
  49  9:20  Dark Templar  
  56  9:24  Observer (Chrono Boost)  
  56  9:34  Gateway  
  56  9:36  Gateway  
  56  9:37  Pylon  
  56  9:51  Carrier (Chrono Boost)  
  58  9:52  Nexus  
  58  9:53  Carrier (Chrono Boost)  
  58  9:54  Probe (Chrono Boost)  
  58  9:56  Pylon  
  58  9:57  Probe (Chrono Boost)  
  58  9:58  Probe (Chrono Boost)  
  59  10:01  Photon Cannon  
  59  10:05  Pylon  
  59  10:06  Pylon  
  61  10:09  Assimilator  
  61  10:10  Probe x3 (Chrono Boost)  
  61  10:13  Assimilator  
  74  10:15  Pylon  
  74  10:17  Pylon  
  74  10:18  Probe (Chrono Boost)  
  74  10:19  Probe x2 (Chrono Boost)  
  77  10:21  Observer  
  77  10:23  Assimilator  
  77  10:25  Probe  
  79  10:39  Pylon  
  79  10:41  Probe x2 (Chrono Boost)  
  82  10:43  Probe (Chrono Boost)  
  82  10:44  Photon Cannon  
  83  10:50  Cybernetics Core  
  83  10:53  Probe (Chrono Boost)  
  83  10:56  Probe  
  84  10:57  Probe  
  84  11:01  Probe  
  83  11:05  Probe  
  85  11:11  Zealot  
  85  11:12  Zealot x3  
Show
View Real Time Build Order
Export as new Build Order

FynZ Zerg - Winner!

Build Orders: Hatch First, Lurkers 

Get SALT Encoding   

  12  0:01  Drone  
  13  0:12  Overlord  
  13  0:17  Drone  
  14  0:32  Drone x2  
  14  0:35  Drone  
  17  0:52  Hatchery  
  17  0:55  Drone  
  17  1:00  Drone  
  18  1:12  Spawning Pool  
  18  1:14  Drone  
  18  1:21  Drone  
  18  1:25  Extractor  
  18  1:29  Drone  
  19  1:39  Drone  
  20  1:50  Overlord  
  20  1:59  Queen  
  22  2:04  Queen  
  22  2:07  Zergling x2  
  25  2:09  Drone  
  26  2:20  Drone x2  
  28  2:35  Drone x3  
  31  2:37  Queen  
  31  2:40  Queen  
  35  2:51  Drone  
  35  2:54  Overlord x2  
  36  3:12  Drone  
  37  3:13  Drone x9  
  46  3:26  Drone x4  
  49  3:28  Lair  
  49  3:42  Extractor  
  49  3:43  Extractor  
  49  3:46  Evolution Chamber  
  46  3:49  Evolution Chamber  
  46  3:51  Roach Warren  
  46  3:52  Drone  
  46  3:53  Drone x2, Extractor  
  46  3:54  Drone x2  
  46  3:55  Drone  
  49  3:57  Drone  
  50  4:03  Drone  
  50  4:06  Overlord  
  51  4:12  Zerg Missile Weapons Level 1  
  51  4:14  Zerg Ground Armor Level 1  
  51  4:31  Hatchery  
  50  4:32  Glial Reconstitution  
  50  4:37  Drone  
  50  4:38  Drone x5  
  55  4:39  Drone  
  55  4:40  Overlord, Hydralisk Den  
  56  4:49  Overseer  
  56  4:54  Drone  
  56  4:55  Zergling x2  
  56  4:57  Overlord x2  
  58  5:00  Lurker Den  
  58  5:18  Hydralisk x5  
  68  5:48  Hydralisk  
  68  5:49  Roach x5  
  86  5:50  Overlord x2, Roach x3  
  86  5:51  Overlord x2  
  86  6:08  Zerg Missile Weapons Level 2  
  86  6:16  Zerg Ground Armor Level 2  
  86  6:32  Extractor  
  86  6:33  Overseer  
  86  6:34  Overseer  
  86  6:36  Extractor  
  84  6:49  Lurker x2  
  86  6:56  Drone x3  
  86  6:57  Drone x3  
  92  7:06  Hatchery, Muscular Augments  
  91  7:28  Spore Crawler  
  90  7:30  Overlord x3  
  90  7:31  Hydralisk, Roach  
  90  7:32  Hydralisk x4  
  96  8:30  Spore Crawler  
  81  8:36  Roach x2  
  81  8:37  Roach x4  
  72  9:05  Hydralisk  
  72  9:06  Hydralisk x11  
  90  9:24  Drone x6  
  89  9:29  Queen  
  86  9:44  Overseer  
  86  9:45  Overseer x2  
  80  10:09  Lurker x6  
  80  10:10  Roach  
  80  10:11  Roach x5  
  98  10:14  Overlord x2  
  98  10:15  Overlord  
  98  10:27  Spore Crawler  
  97  10:52  Drone  
  97  10:53  Drone x21  
  119  10:58  Spore Crawler  
Tags
 
Add a new tag
Caveats
  • Supply blocks, unpowered buildings, or Contaminate may cause inaccurate times.
  • Supply counts are checked every 10 seconds.